 Dungeon Crawl Stone Soup version 0.19.5 (webtiles) character file.

148 IcySystem the Sneak (level 5, 0/24 HPs)
             Began as a Spriggan Enchanter on May 23, 2017.
             Slain by a hobgoblin
             ... wielding a +0 club
              (7 damage)
             ... on level 3 of the Dungeon.
             The game lasted 00:10:07 (2738 turns).

IcySystem the Sneak (Spriggan Enchanter)            Turns: 2738, Time: 00:10:07

Health: 0/24       AC:  3    Str:  4    XL:     5   Next: 8%
Magic:  10/10      EV: 17    Int: 17    God:
Gold:   81         SH:  5    Dex: 17    Spells: 1 memorised, 8 levels left

rFire  . . .     SeeInvis +     a - +1 dagger
rCold  . . .     Gourm    .     b - +1 robe
rNeg   . . .     Faith    .     l - +0 buckler
rPois  .         Spirit   .     (helmet restricted)
rElec  .         Reflect  .     (no cloak)
rCorr  .         Harm     .     (gloves unavailable)
MR     .....                    (boots unavailable)
Stlth  ++++......               (no amulet)
                                (no ring)
                                (no ring)

@: very quick
A: unfitting armour, see invisible, herbivore 3, speed 3, slow metabolism 2
a: no special abilities


You were on level 3 of the Dungeon.
You were not hungry.

You visited 1 branch of the dungeon, and saw 3 of its levels.

You collected 81 gold pieces.

Inventory:

Hand Weapons
 a - a +1 dagger (weapon)
 o - a +0 short sword
 p - a +0 blowgun
 q - a +0 dagger
Missiles
 r - 7 poisoned needles
Armour
 b - a +1 robe (worn)
 l - a +0 buckler (worn)
Jewellery
 e - an uncursed ring of see invisible {unknown}
Wands
 v - a wand of teleportation (4/9)
Scrolls
 g - a scroll of fog {unknown}
 i - a scroll of recharging {unknown}
 j - 3 scrolls of identify {unknown}
 k - 2 scrolls of random uselessness {unknown}
 u - 3 scrolls of teleportation {unknown}
Potions
 f - 2 potions of flight {unknown}
 h - a potion of agility {unknown}
 s - 2 potions of mutation {unknown}
 t - a potion of degeneration {unknown}
Books
 c - a book of Maledictions

   Spells                             Type                      Level
   a - Corona                         Hexes                        1
   b - Ensorcelled Hibernation        Hexes/Ice                    2
   c - Confuse                        Hexes                        3
   d - Tukima's Dance                 Hexes                        3
   e - Dazzling Spray                 Conjuration/Hexes            3
Comestibles
 d - 2 bread rations
 m - 5 fruits
 n - a slice of pizza


   Skills:
 + Level 3.9 Short Blades
 - Level 3.0 Dodging
 + Level 7.0 Stealth
 - Level 2.6 Spellcasting
 - Level 3.6 Hexes


You had 8 spell levels left.
You knew the following spells:

 Your Spells              Type           Power        Failure   Level  Hunger
a - Corona                Hex            ##.....      10%         1    #......


Dungeon Overview and Level Annotations

Branches:
Dungeon (3/15)

Altars:
Nemelex Xobeh
Xom

Annotations:
D:3 Grinder


Innate Abilities, Weirdness & Mutations

You are very small and have problems with some larger weapons.
You are too small for most types of armour.
You have supernaturally acute eyesight. (SInv)
You are a herbivore.
You cover ground extremely quickly.
You need consume almost no food.


Message History

The jackal bites you. The jackal closely misses you.
The hobgoblin hits you with a club. The giant cockroach barely misses you.
The giant cockroach bites you but does no damage.
A rat comes into view.
The jackal bites you but does no damage.
The jackal bites you.
The rat moves out of view.
The giant cockroach bites you but does no damage.
The giant cockroach bites you. The jackal bites you.
* * * LOW HITPOINT WARNING * * *
The jackal barely misses you.
The hobgoblin hits you but does no damage.
You can move again.
Zapping:
v - a wand of teleportation (will waste charges)
Press: ? - help, Shift-Dir - straight line The jackal looks slightly unstable.
Evoking this partially-identified wand wasted a few charges.
The ball python hisses angrily.
The giant cockroach misses you. You block the giant cockroach's attack.
The jackal misses you. x2; The hobgoblin hits you with a club!
You die...

#..................
######..###########
##.# ########## #.##
.........# #..#
.........# #..###
.........# #....#
.......g.# #....#
....S.5s@####....####
.......hsh..........#
....%..hh####....##.#
.........# #....##.#
.........# #.....#.#
....###... #.†...#.#
.... ....
#.......##### $.
..... #.........†..
.... #####...#####


You could see Grinder, 4 jackals, 2 giant cockroaches, a hobgoblin and a ball
python.

Vanquished Creatures
  A jelly (D:3)
  An iguana (D:3)
  4 adders
  2 dart slugs (D:1)
  2 leopard geckos (D:1)
  An orc (D:3)
  6 bats
  4 giant cockroaches
  A goblin (D:2)
  3 hobgoblins
  4 jackals (D:1)
  3 quokkas (D:2)
  6 frilled lizards
  9 kobolds
  5 rats
52 creatures vanquished.

Notes
Turn   | Place    | Note
-------+----------+-------------------------------------------
     0 | D:1      | IcySystem the Spriggan Enchanter began the quest for the Orb.
     0 | D:1      | Reached XP level 1. HP: 9/9 MP: 5/5
   205 | D:1      | Reached XP level 2. HP: 13/13 MP: 6/6
   222 | D:1      | Reached skill level 5 in Stealth
   799 | D:1      | Reached XP level 3. HP: 16/16 MP: 8/8
  1102 | D:2      | Found a sparkling altar of Nemelex Xobeh.
  1733 | D:2      | Reached skill level 6 in Stealth
  1894 | D:3      | Found a shimmering altar of Xom.
  1895 | D:3      | Found a shimmering altar of Xom.
  1895 | D:3      | Found a shimmering altar of Xom.
  1897 | D:3      | Reached XP level 4. HP: 21/21 MP: 9/9
  2509 | D:3      | Reached skill level 7 in Stealth
  2509 | D:3      | Reached XP level 5. HP: 22/24 MP: 10/10
  2727 | D:3      | Noticed Grinder
  2731 | D:3      | Paralysed by Grinder for 6 turns
  2738 | D:3      | Slain by a hobgoblin

Skill      XL: |  1  2  3  4 |
---------------+-------------+-----
Stealth        | 5 6 7 |  7.0
Short Blades   | 2 3 |  3.9
Dodging        | |  3.0
Spellcasting   | |  2.6
Hexes          | |  3.6

Action                   |  1- 3 |  4- 6 || total
-------------------------+-------+-------++-------
Melee: Dagger            |   152 |    53 ||   205
 Fire: Blowgun           |       |    10 ||    10
 Cast: Corona            |     1 |       ||     1
Evoke: Wand              |       |     1 ||     1
 Stab: Sleeping          |    21 |     3 ||    24
Armor: Robe              |    17 |    12 ||    29
Dodge: Dodged            |   115 |    43 ||   158
Block: Buckler           |     9 |    10 ||    19
